 Dungeon Crawl Stone Soup version 0.31-a0-149-g3fdcc5976a (webtiles) character file.

Game seed: 12501081614441637072

737 qw the Skirmisher (level 7, -9/62 HPs)
             Began as a Minotaur Hunter on June 7, 2023.
             Was a Follower of Okawaru.
             Mangled by a yak (11 damage)
             ... on level 5 of the Dungeon.
             The game lasted 00:01:19 (3963 turns).

qw the Skirmisher (Minotaur Hunter)                 Turns: 3963, Time: 00:01:20

Health: -9/62      AC:  5    Str: 16    XL:     7   Next: 46%
Magic:  5/7        EV: 16    Int:  6    God:    Okawaru [*.....]
Gold:   172        SH:  0    Dex: 18    Spells: 6/6 levels left

rFire   + . .        Y - +0 shortbow
rCold   . . .        (shield currently unavailable)
rNeg    . . .        b - +0 leather armour of Masochism {-Cast rF+ Dex+3 Stlth+}
rPois   .            (helmet restricted)
rElec   .            (no cloak)
rCorr   .            h - +0 pair of gloves
SInv    .            (no boots)
Will    .....        (no amulet)
Stlth   ++++         (no ring)
HPRegen 0.30/turn    (no ring)
MPRegen 0.10/turn

%: no spellcasting
@: heroic
A: horns 2, retaliatory headbutt
a: Renounce Religion, Heroism


You were on level 5 of the Dungeon.
You worshipped Okawaru.
Okawaru was aware of your devotion.
You visited 2 branches of the dungeon, and saw 6 of its levels.

You collected 172 gold pieces.


Innate Abilities, Weirdness & Mutations

You have a pair of horns on your head.
You reflexively headbutt those who attack you in melee.


   Skills:
 - Level 5.7(10.7) Fighting
 + Level 8.2(13.2) Ranged Weapons
 - Level 1.0(6.0) Armour
 - Level 3.2(8.2) Dodging
 - Level 0.7(5.7) Stealth
 + Level 1.3 Invocations


You had 6 spell levels left.
You didn't know any spells.
Your spell library was empty.

Inventory:

Hand Weapons
 Y - a +0 shortbow (weapon)
Armour
 b - the +0 leather armour of Masochism (worn) {-Cast rF+ Dex+3 Stlth+}
   (You found it on level 2 of the Dungeon)

   Dex:       It affects your dexterity (+3).
   rF:        It protects you from fire.
   -Cast:     It prevents spellcasting.
   Stlth:     It makes you more stealthy.
 h - a +0 pair of gloves (worn)
Scrolls
 e - a scroll of teleportation {unknown}
Potions
 a - a potion of ambrosia {unknown}
 c - a potion of curing {unknown}
 d - a potion of berserk rage {unknown}
 f - a potion of magic {unknown}
 g - a potion of resistance {unknown}
 i - a potion of lignification {unknown}
 j - a potion of cancellation {unknown}

Dungeon Overview and Level Annotations

Branches:
Dungeon (5/15)             Temple (1/1) D:4

Altars:
Ashenzari
Dithmenos
Elyvilon
Fedhas
Gozag
Kikubaaqudgha
Makhleb
Nemelex Xobeh
Okawaru
Qazlal
Ru
Sif Muna
Trog
Uskayaw
Wu Jian
Xom
Yredelemnul
Zin

Shops:
D:5 [


Message History

The water moccasin completely misses you.
You furiously retaliate!
You headbutt the water moccasin.
You kill the water moccasin!
Okawaru accepts your kill.
Your Invocations skill increases to level 1!
You start resting.
Magic restored.
You start resting.
HP restored. 2 yaks come into view.
You shoot an arrow. The arrow hits the yak.
The yak is lightly wounded.
You shoot an arrow. The arrow hits the yak.
The yak is lightly wounded.
You shoot an arrow.
The arrow hits the yak but does no damage.
The yak is lightly wounded.
You shoot an arrow.
The arrow hits the yak but does no damage.
The yak is lightly wounded.
You shoot an arrow.
The arrow hits the yak but does no damage.
The yak is lightly wounded.
You shoot an arrow. The arrow hits the yak!
The yak is moderately wounded.
You shoot an arrow. The arrow barely misses the yak.
The yak completely misses you.
You shoot an arrow. The arrow barely misses the yak.
The yak gores you! x2
3961 ||| INVOKING Heroism.
You gain the combat prowess of a mighty hero.
The yak gores you but does no damage. The yak gores you.
You shoot an arrow. The arrow hits the yak.
The yak is moderately wounded.
The yak gores you! The yak gores you.
You shoot an arrow.
The arrow hits the yak but does no damage.
The yak is moderately wounded.
The yak gores you! x2
You die...

##..#.......\....##
##.##..#...#.#####
#..#..##.....#
...###>....####
##..##...#..# ##
..##...##..### ...
##..#...##....# ###....
.........#....###.......
###.#...<####..#@Y......
#.<#..#.##..%...Y..#...
... #.#.#.##............
#.# #... .#.#....###....
#. .... ...#.#..# ...
#.....##(...... .. .....
....#.... . .#.###
....#..... .....#......


You could see 2 yaks.

Vanquished Creatures
  Grinder (D:5)
  A water moccasin (D:5)
  A scorpion (D:4)
  A howler monkey (D:4)
  A crimson imp (D:4)
  A jelly (D:3)
  3 hounds (D:4)
  A sleepcap (D:4)
  An iguana (D:2)
  3 gnolls (D:3)
  5 adders
  An ufetubus (D:4)
  A dart slug (D:2)
  4 orcs (D:4)
  9 endoplasms
  2 giant cockroaches (D:2)
  5 goblins
  8 hobgoblins
  5 jackals
  8 kobolds
  A quokka (D:1)
  3 ball pythons (D:4)
  4 bats
  3 frilled lizards
  3 rats (D:2)
76 creatures vanquished.

Notes
Turn   | Place    | Note
-------+----------+-------------------------------------------
     0 | D:1      | qw the Minotaur Hunter began the quest for the Orb.
     0 | D:1      | Reached XP level 1. HP: 18/18 MP: 0/0
     0 | D:1      | 0 ||| qw: Version: 0.2-a-117-gc6b5c8b
     0 | D:1      | 0 ||| qw: Game counter: 2555
     0 | D:1      | 0 ||| qw: Always use a shield: true
     0 | D:1      | 0 ||| qw: God list: Okawaru
     0 | D:1      | 0 ||| qw: Allow faded altars: false
     0 | D:1      | 0 ||| qw: Do Orc after D:15 true
     0 | D:1      | 0 ||| qw: Do second Lair branch before Depths: true
     0 | D:1      | 0 ||| qw: Lair rune preference: random
     0 | D:1      | 0 ||| qw: Plans: Normal
     0 | D:1      | 0 ||| PLANNING D:1-11
    97 | D:1      | Found a faded altar of an unknown god.
   420 | D:1      | Reached XP level 2. HP: 25/25 MP: 1/1
   621 | D:1      | 621 ||| UPGRADING to +0 ring mail.
   631 | D:1      | 631 ||| DROPPING +0 leather armour.
   632 | D:1      | 632 ||| READING 3 scrolls labelled TAMULERUGA.
   633 | D:1      | 633 ||| DROPPING 2 scrolls of blinking.
   634 | D:1      | 634 ||| DROPPING scroll of butterflies.
   675 | D:2      | Reached skill level 1 in Armour
   681 | D:2      | Reached skill level 5 in Ranged Weapons
   787 | D:2      | Reached skill level 3 in Fighting
   791 | D:2      | 791 ||| FLEEEEING.
   794 | D:2      | 794 ||| FLEEEEING.
   868 | D:2      | Reached XP level 3. HP: 27/31 MP: 2/2
  1029 | D:2      | Identified the +0 leather armour of Masochism {-Cast rF+
                  | Dex+3 Stlth+}
  1359 | D:2      | 1359 ||| UPGRADING to +0 leather armour of Masochism {-Cast
                  | rF+ Dex+3 Stlth+}.
  1369 | D:2      | 1369 ||| DROPPING +0 ring mail.
  1370 | D:2      | 1370 ||| READING scroll labelled QIR JIT GOBBAROAT.
  1465 | D:3      | Reached XP level 4. HP: 34/38 MP: 3/3
  1544 | D:3      | Reached skill level 6 in Ranged Weapons
  1658 | D:3      | HP: 9/38 [gnoll/+0 spear (3)]
  1659 | D:3      | HP: 2/38 [gnoll/+0 spear (3)]
  2189 | D:3      | 2189 ||| READING scroll labelled DOUXEM VINE.
  2219 | D:4      | 2219 ||| STAIRDANCE
  2225 | D:3      | HP: 5/40 [acid (7)]
  2226 | D:3      | Reached XP level 5. HP: 6/46 MP: 4/4
  2453 | D:4      | Reached skill level 7 in Ranged Weapons
  2534 | D:4      | Found a staircase to the Ecumenical Temple.
  2535 | D:4      | 2535 ||| PLANNING TEMPLE
  2535 | D:4      | 2535 ||| DROPPING ring of flight.
  2536 | D:4      | 2536 ||| DRINKING 2 white potions.
  2542 | Temple   | Entered the Ecumenical Temple
  2559 | Temple   | 2559 ||| PLANNING OKAWARU WORSHIP
  2659 | Temple   | Became a worshipper of Warmaster Okawaru
  2659 | Temple   | 2659 ||| PLANNING D:1-11
  2705 | D:4      | Reached skill level 3 in Dodging
  2705 | D:4      | Reached XP level 6. HP: 41/52 MP: 5/5
  2711 | D:4      | HP: 13/52 [scorpion (7)]
  2712 | D:4      | 2712 ||| DRINKING potion of heal wounds.
  2716 | D:4      | HP: 13/52 [poisoned by a scorpion]
  2721 | D:4      | HP: 9/52 [poisoned by a scorpion]
  3364 | D:4      | Found a shimmering altar of Xom.
  3364 | D:4      | Found a burning altar of Makhleb.
  3698 | D:4      | 3698 ||| UPGRADING to +0 pair of gloves.
  3703 | D:4      | 3703 ||| DROPPING +6 ring of intelligence.
  3704 | D:4      | 3704 ||| READING scroll labelled WIVAOR HOODYU.
  3759 | D:5      | Entered Level 5 of the Dungeon
  3762 | D:5      | Found Duostatome's Armour Boutique.
  3762 | D:5      | Noticed Grinder
  3766 | D:5      | 3766 ||| FLEEEEING.
  3772 | D:5      | Reached skill level 8 in Ranged Weapons
  3784 | D:5      | Killed Grinder
  3784 | D:5      | Reached * piety under Okawaru
  3785 | D:5      | Reached XP level 7. HP: 35/62 MP: 6/6
  3903 | D:5      | 3903 ||| SHOPLISTING +1 pair of boots of the Armadillo
                  | {rElec rCorr Int-5 Stlth+} (299 gold, have 172).
  3929 | D:5      | Reached skill level 1 in Invocations
  3952 | D:5      | Noticed a yak
  3952 | D:5      | Noticed a yak
  3961 | D:5      | 3961 ||| INVOKING Heroism.
  3962 | D:5      | HP: 12/62 [yak (6)]
  3963 | D:5      | HP: 2/62 [yak (11)]
  3963 | D:5      | Mangled by a yak

Levels and vault maps discovered:
D:1:      minmay_arrival_radiant_lines, layout_loops_ring, serial_rivers,
          chequers_serial_rivers_marsh, chequers_serial_rivers_micro_e,
          chequers_serial_rivers_micro_c, chequers_serial_rivers_micro_e,
          shapermc_ecumenical_altar_rom_forum
D:2:      layout_basic, nicolae_eternal_life, minmay_tromino_v4_b
D:3:      layout_loops_ring, st_stairs_14
D:4:      layout_basic, grunt_temple_overflow_champion_of_chaos,
          minmay_temple_entry_arrows, minmay_misc_feat_pillars,
          columned_hall_lemuel
D:5:      nicolae_cairo_tiling_large_dashed, layout_cave_pools,
          old_standard_altar, marbit_many_paths, kennysheep_slug_shrine,
          serial_shops, nicolae_shop_crystal, nicolae_specific_store,
          uniq_grinder
Temple:   kb_temple_of_zot

Skill      XL: |  1  2  3  4  5  6  7 |
---------------+----------------------+-----
Armour         | 1 |  1.0
Ranged Weapons | 5 6 7 8 |  8.2
Fighting       | 3 4 5 |  5.7
Dodging        | 3 |  3.2
Invocations    | 1 |  1.3
Stealth        | |  0.7

Action                     |  1- 3 |  4- 6 |  7- 9 || total
---------------------------+-------+-------+-------++-------
   Fire: Shortbow          |   107 |   172 |    16 ||   295
 Invoke: Heroism           |       |       |     1 ||     1
    Use: Scroll            |     2 |     2 |       ||     4
         Potion            |       |     2 |       ||     2
 Armour: Leather armour    |     3 |     6 |     1 ||    10
         Ring mail         |    10 |       |       ||    10
  Dodge: Dodged            |    30 |    46 |     3 ||    79

Table legend:
 A = Non-vault XP
 B = Vault XP
 C = Vault XP percentage of total XP
 D = Non-vault monster count
 E = Vault monster count
 F = Vault count percentage of total count
                 A         B        C        D         E       F
            +---------+---------+-------+---------+---------+-------
      Total |     735 |     318 |  30.2 |      71 |       5 |   6.6
            +---------+---------+-------+---------+---------+-------
        D:1 |      16 |       0 |   0.0 |       9 |       0 |   0.0
        D:2 |      70 |       1 |   1.4 |      20 |       1 |   4.8
        D:3 |     129 |       2 |   1.5 |      16 |       2 |  11.1
        D:4 |     365 |      48 |  11.6 |      24 |       1 |   4.0
        D:5 |     155 |     267 |  63.3 |       2 |       1 |  33.3
            +---------+---------+-------+---------+---------+-------
